 Dungeon Crawl Stone Soup version 0.28.0-43-g3370ac3207 (webtiles) character file.

Game seed: 6365270447306499781

65 pkoi the Gusty (level 4, 0/27 HPs)
             Began as an Octopode Air Elementalist on Mar 17, 2022.
             Slain by a goblin
             ... wielding a +0 dagger
             ... led by Robin
              (6 damage)
             ... on level 2 of the Dungeon.
             The game lasted 00:01:32 (1925 turns).

pkoi the Gusty (Octopode Air Elementalist)          Turns: 1925, Time: 00:01:33

Health: 0/27       AC:  1    Str:  7    XL:     4   Next: 13%
Magic:  3/7        EV: 13    Int: 19    God:
Gold:   31         SH:  0    Dex: 12    Spells: 6/7 levels left

rFire   . . .      SeeInvis .   d - +0 dagger
rCold   . . .      Faith    .   (no shield)
rNeg    . . .      Spirit   .   (helmet restricted)
rPois   .          Reflect  .   (no amulet)
rElec   .          Harm     .   (no ring)
rCorr   .          Rampage  .   (no ring)
Will    .....                   (no ring)
Stlth   +++.......              (no ring)
HPRegen 0.09/turn               (no ring)
MPRegen 0.10/turn               (no ring)
                                (no ring)
                                (no ring)

@: no status effects
A: almost no armour, amphibious, 8 rings, camouflage 1, gelatinous body 1,
(nimble swimmer 1), tentacles
a: no special abilities


You were on level 2 of the Dungeon.
You visited 1 branch of the dungeon, and saw 2 of its levels.

You collected 31 gold pieces.

Inventory:

Hand Weapons
 d - a +0 dagger (weapon)
Missiles
 c - 3 javelins
Jewellery
 b - a +6 ring of strength
Scrolls
 a - 2 scrolls of teleportation
 e - a scroll of enchant weapon {unknown}
 g - a scroll of identify
 h - a scroll of holy word {unknown}
 i - a scroll of immolation {unknown}
Potions
 f - a potion of attraction {unknown}


   Skills:
 - Level 2.0 Dodging
 - Level 2.6 Stealth
 - Level 2.0 Spellcasting
 - Level 1.0 Conjurations
 + Level 4.9 Air Magic


You had 6 spell levels left.
You knew the following spells:

 Your Spells              Type           Power      Damage    Failure   Level
a - Shock                 Conj/Air       52%        1d6       4%          1

Your spell library contained the following spells:

 Spells                   Type           Power      Damage    Failure   Level
 Swiftness                Air            20%        N/A       7%          3
 Static Discharge         Conj/Air       13%        N/A       8%          2
 Airstrike                Air            10%        N/A       22%         4


Dungeon Overview and Level Annotations

Branches:
Dungeon (2/15)

Altars:

Annotations:
D:2 Robin


Innate Abilities, Weirdness & Mutations

You cannot wear most types of armour.
You are amphibious.
You can wear up to eight rings at the same time.
Your skin changes colour to match your surroundings (Stealth+).
Your rubbery body absorbs attacks. (AC +1, EV +1)
((You are camouflaged when in or above water. (Stealth+)))
You have tentacles for arms and can constrict up to eight enemies at once.


Message History

The goblin unwields a +0 club.
The goblin wields a +0 hunting sling.
The goblin shoots a stone.
The stone hits you.
* * * LOW HITPOINT WARNING * * *
A goblin comes into view. It is wielding a +0 dagger.
Robin roars a battlecry!
The hobgoblin goes into a battle-frenzy!
You hear a shout!
You have reached level 4!
Found a stone staircase leading down.
The goblin shoots a stone.
The stone hits you.
* * * LOW HITPOINT WARNING * * *
The goblin shoots a stone.
The stone barely misses you.
A worm comes into view.
Found 16 stones.
You see here 16 stones.
The goblin enters a dispersal trap!
The hobgoblin blinks!
The giant cockroach blinks!
You blink.
Found a stone staircase leading up.
The goblin blinks!
The goblin shoots a stone.
The stone hits you.
* * * LOW HITPOINT WARNING * * *
The goblin closely misses you.
You hit the hobgoblin but do no damage. You grab the hobgoblin.
You constrict the hobgoblin. The goblin barely misses you.
You completely miss the hobgoblin. You squeeze the hobgoblin.
You kill the hobgoblin!
An adder comes into view.
The goblin unwields a +0 hunting sling.
The goblin wields a +0 club.
The goblin closely misses you. The goblin barely misses you.
The giant cockroach bites you but does no damage.
Unknown command.
The worm bites you.
* * * LOW HITPOINT WARNING * * *
The giant cockroach bites you.
* * * LOW HITPOINT WARNING * * *
You see here 16 stones.
The goblin no longer looks unusually strong.
Robin throws the goblin at you!
* * * LOW HITPOINT WARNING * * *
The goblin hits you with a +0 dagger.
You die...

.#.................##... .
.........###........... ...
#........##............
...###........##............
.#...........)..............
............####............
<........g..................
........g†Bw###.......<†....
.>........g@g........[......
........g##.###.#.....†.....
.##....#.^................#.
##.....###.##..#.##.#####.
......#.## .# #... .. .
##..#....# .# #.. #.#
...##...S# .# #. #. #.
#..... .# #. . #...)g# #.


You could see a worm, Robin, a giant cockroach and 4 goblins.

Vanquished Creatures
  Terence (D:2)
  A worm (D:2)
  A dart slug (D:1)
  An endoplasm (D:1)
  10 goblins
  2 hobgoblins
  5 kobolds
  A quokka (D:1)
  2 ball pythons (D:1)
  4 bats
  2 frilled lizards (D:1)
  3 rats (D:1)
33 creatures vanquished.

Notes
Turn   | Place    | Note
-------+----------+-------------------------------------------
     0 | D:1      | pkoi the Octopode Air Elementalist began the quest for the
                  | Orb.
     0 | D:1      | Reached XP level 1. HP: 11/11 MP: 3/3
   191 | D:1      | Reached XP level 2. HP: 16/17 MP: 0/5
  1132 | D:1      | Reached skill level 4 in Air Magic
  1305 | D:1      | Reached XP level 3. HP: 21/21 MP: 4/6
  1904 | D:2      | Noticed Terence
  1909 | D:2      | Noticed Robin
  1911 | D:2      | Killed Terence
  1912 | D:2      | Reached XP level 4. HP: 21/27 MP: 2/7
  1925 | D:2      | Slain by a goblin

Illustrated notes

Levels and vault maps discovered:
D:1:      evilmike_arrival_home_sweet_home, layout_loops_ring,
          hangedman_abyss_or_decor_lesser_grid, minmay_split_cup_large
D:2:      layout_rooms, uniq_terence, uniq_robin

Skill      XL: |  1  2 |
---------------+-------+-----
Air Magic      | 4 |  4.9
Dodging        | |  2.0
Stealth        | |  2.6
Spellcasting   | |  2.0
Conjurations   | |  1.0

Action                   |  1- 3 |  4- 6 || total
-------------------------+-------+-------++-------
Melee: Dagger            |    14 |     2 ||    16
       Constrict         |     3 |     1 ||     4
       Punch             |     2 |       ||     2
       Tentacles         |     1 |     1 ||     2
 Cast: Shock             |    50 |       ||    50
  Use: Scroll            |     3 |       ||     3
 Stab: Sleeping          |     1 |       ||     1
Armor: Skin              |     1 |     1 ||     2
Dodge: Dodged            |    14 |     5 ||    19
